AoeStats
← andre.luizmg

Lombardia

508627611Analyzed
4v4 RM · 10d ago on Sep 23, 2026· 56m 16s· 8 players
Game mode
Random Map
Map size
Large (8 player)
Population
200
Speed
Normal
Resources
Standard
Victory
Conquest
Starting age
Dark Age
Ending age
Imperial Age
RankedLock teamsTeams togetherTeam positionsShared explorationLock speedFull tech treeHidden civsTurbo modeCheats
Victory
Defeat
🇧🇷 Chinese · Brazil
969
+15
🇦🇹 Sicilians · Austria
946
+16
🇨🇳 Khmer · China
945
+16
🇬🇷 Byzantines · Greece
896
+18
🇭🇰 Britons · Hong Kong SAR China
968
-17
🇦🇺 Malay · Australia
944
-16
🇧🇪 Vikings · Belgium
942
-16
🇨🇳 Byzantines · China
931
-16
TaiwanIsChina's
5:23 Loom
10:59 Feudal Age
11:40 Double-Bit Axe
19:12 Castle Age
17:17 Horse Collar
18:30 Stone Mining
18:33 Gold Mining
20:09 Bow Saw
21:40 Wheelbarrow
23:40 Fortified Wall
25:15 Caravan
26:12 Heavy Plow
27:59 Hand Cart
29:08 Treadmill Crane
30:33 Gold Shaft Mining
32:44 Imperial Age
30:46 Scale Barding Armor
30:52 Forging
31:48 Chain Barding Armor
31:32 Husbandry
33:16 Iron Casting
32:47 Heavy Camel Rider
34:14 Stone Shaft Mining
34:38 Plate Barding Armor
34:26 Conscription
34:43 Hoardings
35:20 Two-Man Saw
35:12 Crop Rotation
40:34 Elite Skirmisher
41:45 Ballistics
42:26 Chemistry
41:22 Murder Holes
40:57 Pikeman
41:38 Squires
44:07 Padded Archer Armor
43:58 Fletching
45:10 Leather Archer Armor
45:03 Thumb Ring
47:43 Capped Ram
48:35 Siege Ram
49:50 Halberdier
51:41 Scale Mail Armor
52:12 Ring Archer Armor
Eindbaas
11:33 Feudal Age
12:15 Loom
12:33 Double-Bit Axe
16:34 Horse Collar
16:47 Gold Mining
19:03 Castle Age
18:16 Stone Mining
20:15 Bow Saw
20:08 Heavy Plow
24:15 Caravan
25:41 Forging
25:53 Fletching
27:26 Gold Shaft Mining
32:26 Imperial Age
30:36 Bodkin Arrow
30:43 Padded Archer Armor
31:21 Ballistics
32:47 Leather Archer Armor
34:50 Chemistry
33:52 Bracer
34:23 Ring Archer Armor
33:20 Crossbowman
34:37 Conscription
34:14 Arbalester
35:14 Forging
36:11 Chieftains
36:16 Scale Mail Armor
36:25 Squires
37:22 Bogsveigar
36:45 Pikeman
39:32 Iron Casting
39:13 Chain Mail Armor
39:11 Arson
43:22 Crop Rotation
43:17 Treadmill Crane
46:29 Blast Furnace
46:00 Plate Mail Armor
55:13 Man-at-Arms
richnoob575
9:36 Loom
11:53 Feudal Age
15:56 Castle Age
19:13 Double-Bit Axe
22:44 Bow Saw
22:16 Horse Collar
24:01 Wheelbarrow
24:16 Heavy Plow
26:08 Scale Barding Armor
26:04 Stone Mining
27:00 Forging
26:18 Man-at-Arms
27:54 Hand Cart
28:07 Husbandry
29:16 Gold Mining
30:03 Stone Shaft Mining
30:17 Iron Casting
33:50 Imperial Age
33:26 Forced Levy
34:47 Crop Rotation
33:51 Long Swordsman
34:21 Arson
34:36 Squires
35:41 Blast Furnace
35:22 Caravan
35:12 Two-Handed Swordsman
36:17 Pikeman
36:53 Fletching
37:15 Elite Battle Elephant
38:13 Halberdier
40:08 Bodkin Arrow
41:10 Conscription
40:18 Light Cavalry
41:15 Murder Holes
41:41 Ballistics
40:45 Elite Skirmisher
44:18 Bracer
44:18 Padded Archer Armor
45:43 Onager
50:51 Chemistry
50:14 Siege Engineers
50:55 Treadmill Crane
53:44 Masonry
装糖阴一手
0:50 Loom
11:33 Feudal Age
13:16 Wheelbarrow
12:28 Double-Bit Axe
12:28 Horse Collar
16:58 Gold Mining
19:20 Castle Age
20:44 Bow Saw
20:35 Heavy Plow
21:32 Stone Mining
22:18 Gold Shaft Mining
23:52 Hand Cart
23:27 Town Watch
27:55 Fletching
28:05 Padded Archer Armor
32:10 Imperial Age
30:02 Forging
30:55 Bodkin Arrow
31:16 Leather Archer Armor
31:02 Scale Mail Armor
32:17 Iron Casting
31:36 Pikeman
32:18 Squires
32:05 Arson
34:09 Two-Man Saw
34:03 Conscription
34:08 Yeomen
34:06 Bracer
34:36 Ring Archer Armor
36:04 Blast Furnace
35:19 Chain Mail Armor
35:51 Coinage
35:28 Halberdier
36:17 Town Patrol
37:47 Chemistry
37:08 Ballistics
36:29 Elite Longbowman
41:48 Plate Mail Armor
42:52 Guilds
43:10 Masonry
42:42 Treadmill Crane
max-on-war
11:45 Feudal Age
12:14 Double-Bit Axe
12:11 Horse Collar
14:59 Loom
19:15 Castle Age
17:25 Stone Mining
21:14 Bow Saw
21:41 Wheelbarrow
21:09 Heavy Plow
23:53 Hand Cart
24:42 Husbandry
26:16 Gold Mining
27:11 Bloodlines
27:10 Scale Barding Armor
27:17 Forging
33:18 Imperial Age
33:32 Chain Barding Armor
33:48 Iron Casting
34:02 Gold Shaft Mining
34:28 Cavalier
35:48 Plate Barding Armor
37:15 Caravan
39:39 Blast Furnace
38:30 Fletching
38:38 Light Cavalry
39:42 Conscription
39:35 Hauberk
39:17 Elite Skirmisher
43:53 Scale Mail Armor
45:28 Chemistry
44:02 Pikeman
44:46 Squires
45:05 Chain Mail Armor
45:30 Capped Ram
46:03 Halberdier
47:40 Plate Mail Armor
50:11 Crop Rotation
52:01 Bodkin Arrow
52:07 Padded Archer Armor
53:47 Murder Holes
alex_arch2
11:21 Loom
13:48 Feudal Age
21:05 Castle Age
20:25 Double-Bit Axe
20:25 Horse Collar
20:37 Gold Mining
20:38 Stone Mining
23:42 Bow Saw
25:50 Wheelbarrow
26:55 Gold Shaft Mining
26:57 Stone Shaft Mining
29:51 Imperial Age
31:03 Hand Cart
34:03 Two-Man Saw
33:20 Heavy Plow
35:07 Crop Rotation
34:50 Pikeman
35:32 Squires
35:17 Arson
35:17 Gambesons
34:53 Man-at-Arms
37:22 Chemistry
36:41 Halberdier
38:35 Elite Varangian Guard
39:53 Padded Archer Armor
39:44 Fletching
40:04 Forging
39:54 Scale Mail Armor
40:00 Scale Barding Armor
40:49 Scale Barding Armor
41:00 Leather Archer Armor
42:22 Bodkin Arrow
43:03 Iron Casting
43:05 Conscription
42:38 Elite Skirmisher
44:28 Chain Barding Armor
44:24 Chain Mail Armor
46:50 Elite Cataphract
47:40 Logistica
53:47 Long Swordsman
55:05 Two-Handed Swordsman
電動遊戯
2:50 Loom
11:47 Feudal Age
16:57 Castle Age
14:51 Double-Bit Axe
15:21 Horse Collar
17:58 Bow Saw
18:44 Fervor
26:59 Caravan
29:17 Wheelbarrow
29:59 Stone Mining
30:00 Gold Mining
30:27 Fortified Wall
30:48 Hand Cart
31:35 Stone Shaft Mining
32:09 Bloodlines
31:59 Husbandry
32:09 Fletching
32:24 Scale Barding Armor
32:30 Forging
32:19 Murder Holes
32:44 Ballistics
32:34 Masonry
33:47 Gold Shaft Mining
32:51 Light Cavalry
33:33 Bodkin Arrow
33:59 Chain Barding Armor
33:26 Town Watch
36:40 Imperial Age
35:18 Iron Casting
37:02 Town Patrol
37:42 Conscription
37:29 Double Crossbow
37:27 Capped Ram
37:36 Elite Ballista Elephant
40:57 Bracer
41:32 Plate Barding Armor
41:03 Siege Engineers
41:59 Chemistry
41:03 Heavy Plow
44:47 Siege Ram
52:00 Architecture
55:31 Blast Furnace
54:31 Scale Mail Armor
andre.luizmg
1:05 Loom
12:34 Feudal Age
13:47 Double-Bit Axe
13:48 Horse Collar
18:10 Castle Age
16:10 Stone Mining
20:07 Heavy Plow
21:37 Pikeman
22:13 Fletching
22:24 Padded Archer Armor
24:29 Caravan
24:45 Bodkin Arrow
25:03 Bow Saw
29:10 Leather Archer Armor
29:46 Scale Mail Armor
29:56 Forging
33:10 Imperial Age
31:35 Chain Mail Armor
31:48 Squires
31:34 Arson
34:20 Halberdier
35:23 Ballistics
35:54 Bracer
36:26 Ring Archer Armor
39:11 Chemistry
41:42 Elite Chu Ko Nu
44:37 Plate Mail Armor
44:43 Iron Casting
48:27 Conscription
56:07 Fortified Wall
Connection lost

Rejoining the realm…

Still unreachable

The connection could not be restored.

Session expired

The server has moved on; the page needs a fresh start.